 Dungeon Crawl Stone Soup version 0.19-a0-1834-g6b7851e (webtiles) character file.

60 Mordaer the Cudgeler (level 4, -1/39 HPs)
             Began as a Gargoyle Gladiator on Oct 8, 2016.
             Slain by Mordaer's ghost (7 damage)
             ... on level 3 of the Dungeon.
             The game lasted 00:05:36 (728 turns).

Mordaer the Cudgeler (Gargoyle Gladiator)            Turns: 728, Time: 00:05:37

Health: -1/39      AC: 22    Str: 18    XL:     4   Next: 4%
Magic:  4/4        EV:  2    Int: 10    God:
Gold:   75         SH:  0    Dex: 10    Spells: 0 memorised, 3 levels left

rFire  . . .     SeeInvis .     a - +1 flail
rCold  . . .     Gourm    .     (armour currently unavailable)
rNeg   + + +     Faith    .     (no shield)
rPois  ∞         Spirit   .     (helmet currently unavailable)
rElec  .         Dismiss  .     (cloak currently unavailable)
rCorr  .         Reflect  .     (gloves currently unavailable)
MR     .....     Harm     .     (boots currently unavailable)
Stlth  +......... NoTele   +    (no amulet)
                                (no ring)
                                (no ring)

@: tree-form
A: negative energy resistance 1, (electricity resistance), (unbreathing),
petrification resistance, rot immunity, AC +3
a: no special abilities


You were on level 3 of the Dungeon.
You were not hungry.
You were a tree.
You visited 1 branch of the dungeon, and saw 3 of its levels.

You collected 75 gold pieces.


Innate Abilities, Weirdness & Mutations

You are resistant to torment.
((Your stone body is resilient. (AC +3)))
You are immune to poison.
You resist negative energy. (rN+)
((You are resistant to electric shocks. (rElec)))
((You can survive without breathing.))
You are immune to petrification.
You are immune to rotting.


   Skills:
 - Level 2.1 Fighting
 + Level 4.8 Maces & Flails
 - Level 1.7 Throwing
 - Level 2.4 Dodging


You had 3 spell levels left.
You didn't know any spells.

Inventory:

Hand Weapons
 a - a +1 flail (weapon)
Missiles
 d - 3 throwing nets {=f}
 g - 28 poisoned needles
Armour
 b - a +0 leather armour
 c - a +0 helmet (melded)
 e - a +0 ring mail (melded)
Scrolls
 n - a scroll of amnesia
Potions
 k - a potion of curing {unknown}
 o - a potion of brilliance {unknown}
Comestibles
 f - a bread ration
 h - a meat ration
 i - a beef jerky

Dungeon Overview and Level Annotations

Branches:
Dungeon (3/15)

Altars:
Yredelemnul

Annotations:
D:3 Mordaer's ghost, amateur GrGl

▒.
▒..▒▒.......>...▒
▒
▒▒▒......▒▒▒▒▒▒▒▒▒
▒.......▒▒
.......▒.▒▒
.......▒.[▒
.......▒▒)▒
....... ▒.▒
.....▒▒▒▒W▒▒ [....
▒♣..▒ ..£........▒
....▒▒....▒ ..
▒▒...▒ ▒...▒ ▒...▒
▒...▒ ▒...▒


You could see Mordaer's ghost.


Message History

Mordaer's ghost hits you.
* * * LOW HITPOINT WARNING * * *
You barely miss Mordaer's ghost.
Mordaer's ghost is lightly damaged.
Mordaer's ghost hits you but does no damage.
You hit Mordaer's ghost but do no damage.
Mordaer's ghost is lightly damaged.
Mordaer's ghost hits you but does no damage. x2
You hit Mordaer's ghost but do no damage.
Mordaer's ghost is lightly damaged.
Mordaer's ghost hits you.
* * * LOW HITPOINT WARNING * * *
You closely miss Mordaer's ghost.
Mordaer's ghost is lightly damaged.
Mordaer's ghost hits you but does no damage.
You closely miss Mordaer's ghost.
Mordaer's ghost is lightly damaged.
Mordaer's ghost hits you!
* * * LOW HITPOINT WARNING * * *
You hit Mordaer's ghost.
Mordaer's ghost is lightly damaged.
Mordaer's ghost hits you but does no damage.
You hit Mordaer's ghost but do no damage.
Mordaer's ghost is lightly damaged.
Mordaer's ghost hits you but does no damage.
You hit Mordaer's ghost but do no damage.
Mordaer's ghost is lightly damaged.
Mordaer's ghost hits you but does no damage.
Mordaer's ghost hits you!
You die...

Action                   |  1- 3 |  4- 6 || total
-------------------------+-------+-------++-------
Melee: Flail             |    96 |    20 ||   116
  Use: Scroll            |       |     3 ||     3
       Potion            |       |     2 ||     2
Armor: Ring mail         |    58 |     1 ||    59
       Skin              |       |    10 ||    10
Dodge: Dodged            |    92 |    11 ||   103

Vault maps used:
D:1:      doesnt_arrival_goblin_jail
D:2:      overflow_temple_1_default, lemuel_doored_altar, uniq_terence
D:3:      nicolae_dithmenos_shadow_blocks, tgw_xom, first_bread

Notes
Turn   | Place    | Note
-------+----------+-------------------------------------------
     0 | D:1      | Mordaer the Gargoyle Gladiator began the quest for the Orb.
     0 | D:1      | Reached XP level 1. HP: 12/12 MP: 1/1
   197 | D:1      | Reached XP level 2. HP: 12/17 MP: 2/2
   253 | D:2      | Found a basalt altar of Yredelemnul.
   436 | D:2      | Reached skill level 4 in Maces & Flails
   436 | D:2      | Reached XP level 3. HP: 21/21 MP: 3/3
   460 | D:3      | Noticed Mordaer's ghost (amateur GrGl)
   622 | D:2      | Reached XP level 4. HP: 17/26 MP: 4/4
   728 | D:3      | Slain by Mordaer's ghost

Vanquished Creatures
  2 adders (D:2)
  2 dart slugs
  2 leopard geckos
  5 orcs (D:3)
  2 giant cockroaches (D:2)
  3 goblins (D:2)
  3 hobgoblins
  5 bats
  2 frilled lizards
  2 kobolds (D:2)
  4 rats
32 creatures vanquished.
